 Dungeon Crawl Stone Soup version 0.31.0-1-g2c135a0 (webtiles) character file.

Game seed: 3427979235034775175

46872 jagoly the Cleaver (level 14, -8/94 HPs)
             Began as a Gargoyle Monk on Jan 29, 2024.
             Was a High Priest of the Shining One.
             Mangled by a sun moth (shapeshifter) (16 damage)
             ... on level 5 of the Lair of Beasts.
             The game lasted 02:24:51 (8423 turns).

jagoly the Cleaver (Gargoyle Monk)                  Turns: 8423, Time: 02:24:51

Health: -8/94      AC: 29    Str: 19    XL:     14   Next: 39%
Magic:  17/20      EV: 10    Int: 10    God:    the Shining One [*****.]
Gold:   848        SH:  0    Dex: 13    Spells: 13/13 levels left

rFire   + . .        a - +2 trident (venom)
rCold   . . .        (no shield)
rNeg    + + +        f - +2 chain mail {rF+}
rPois   ∞            E - +1 hat {Will+}
rElec   +            k - +2 ratskin cloak {*Rats rPois rN+ Str-1 Int-1 Dex+1}
rCorr   .            (no gloves)
SInv    .            (no boots)
Will    ++...        (no amulet) Stlth
                     (no ring)
HPRegen 0.35/turn    (no ring)
MPRegen 0.17/turn

%: no passive effects
@: on fire, flying, glowing
A: sickness immunity, AC +10, big wings, negative energy resistance 1,
electricity resistance, torment resistance 1, petrification resistance
a: Renounce Religion, Divine Shield, Cleansing Flame, Summon Divine Warrior


You were on level 5 of the Lair of Beasts.
You worshipped the Shining One.
The Shining One was extremely pleased with you.
You visited 2 branches of the dungeon, and saw 17 of its levels.
You also visited: Sewer and Bailey.

You collected 878 gold pieces.
You spent 30 gold pieces at shops.

Inventory:

Hand Weapons
 a - a +2 trident of venom (weapon)
 b - a +2 battleaxe of freezing
 e - a +2 flail of protection
 w - a +6 flail of holy wrath
 D - a +0 war axe
Missiles
 h - 17 poisoned darts
 j - 24 stones (quivered)
 H - 2 boomerangs
 I - 23 javelins
 K - 2 throwing nets
Armour
 f - a +2 chain mail of fire resistance (worn)
 k - the +2 ratskin cloak (worn) {*Rats rPois rN+ Str-1 Int-1 Dex+1}
   (You found it on level 3 of the Dungeon)

   *Rats:     When the wearer is hurt, rats may emerge from it to assist them.
   Str-1:     It affects your strength (-1).
   Int-1:     It affects your intelligence (-1).
   Dex+1:     It affects your dexterity (+1).
   rPois:     It protects you from poison rN+: It protects you from negative
   energy.
 r - quicksilver dragon scales
 E - a +1 hat of willpower (worn)
 S - the +1 hat of Surprise {Dex+5}
   (You found it on level 9 of the Dungeon)

   Dex+5:     It affects your dexterity (+5).
Jewellery
 F - a ring of ice
Wands
 d - a wand of polymorph (3)
 q - a wand of light (8)
 u - a wand of flame (30)
 y - a wand of roots (11)
 G - a wand of mindburst (8)
 Q - a wand of paralysis (22)
Scrolls
 l - 5 scrolls of fog
 o - 5 scrolls of vulnerability
 s - 6 scrolls of enchant weapon
 t - a scroll of identify
 v - 3 scrolls of poison
 x - a scroll of acquirement {unknown}
 B - a scroll of amnesia {unknown}
 P - 2 scrolls of blinking {unknown}
 T - a scroll of enchant armour {unknown}
 U - a scroll of teleportation {unknown}
 X - 3 scrolls of immolation
Potions
 c - 3 potions of ambrosia
 g - 5 potions of curing
 i - 2 potions of cancellation
 n - 5 potions of haste
 p - 2 potions of attraction
 z - a potion of heal wounds
 A - 3 potions of enlightenment
 C - a potion of invisibility {unknown}
 M - a potion of mutation {unknown}
 N - 3 potions of resistance
 R - a potion of might {unknown}
 V - a potion of brilliance {unknown}
 W - a potion of lignification {unknown}
Miscellaneous
 J - a phial of floods


   Skills:
 + Level 13.1 Fighting
 * Level 14.8 Axes
 - Level 4.0 Throwing
 + Level 11.4 Armour
 - Level 6.0 Dodging
 - Level 2.0 Stealth
 + Level 8.0 Invocations
 - Level 2.0 Evocations


You had 13 spell levels left.
You didn't know any spells.
Your spell library contained the following spells:

 Spells                   Type           Power      Damage    Failure   Level
 Freeze                   Ice            0%         1d3       91%         1
 Call Imp                 Summ           0%         N/A       97%         2
 Frozen Ramparts          Ice            0%         1d1       99%         3
 Hailstorm                Conj/Ice       0%         3d5       99%         3
 Cause Fear               Hex            0%         N/A       100%        4
 Fireball                 Conj/Fire      0%         3d3       100%        5
 Summon Hydra             Summ           0%         N/A       100%        7
 Dragon's Call            Summ           0%         N/A       100%        9
 Sublimation of Blood     Necr           Unusable   N/A       N/A         2

Dungeon Overview and Level Annotations

Branches:
Dungeon (12/15) Zot: 26710  Temple (0/1) D:7            Lair (5/5) D:9 Zot: 25811
 Shoals (0/4) Lair:2        Snake (0/4) Lair:2        Slime (0/5) Lair:5
    Orc (0/2) D:10          Sewer (visited)          Bailey (visited)

Altars:
Elyvilon
Kikubaaqudgha
Nemelex Xobeh
Ru
Trog
Wu Jian
Zin
The Shining One
Jiyva

Shops:
D:4 **(   D:10 :

Annotations:
D:9 2 transporters, Vixxxy's ghost, novice OpHu


Innate Abilities, Weirdness & Mutations

You are immune to sickness and miasma.
Your stone body is resilient. (AC +10)
You are immune to poison.
Your large and strong wings let you fly.
You resist negative energy. (rN+)
You are resistant to electric shocks. (rElec)
You are resistant to unholy torment.
You are immune to petrification.


Message History

Press: ? - help, v - describe, . - travel
Here: a chaos spawn (lightly wounded, haloed)
The floor.
Unknown command.
A cane toad comes into view.
The cane toad changes into a black mamba!
The black mamba changes into a troll!
The troll changes into an entropy weaver!
You see here a blink frog corpse.
You see here a blink frog corpse.
You see here a yak corpse.
Aiming: Polymorph
Press: ? - help, Shift-Dir - straight line, f - entropy weaver
Aim: an entropy weaver shaped shifter (haloed, will change shape)
The entropy weaver changes into a shapeshifter!
The shapeshifter changes into a meliai!
Your +2 battleaxe of freezing stops glowing.
Your +2 trident of venom begins to drip with poison!
a - a +2 trident of venom (weapon)
The meliai hits you but does no damage.
The meliai stings you but does no damage.
Reach: a) +2 trident (venom)
Press: ? - help, Dir - move target, f/p - meliai
Aim: a meliai shaped shifter (haloed, about 28% to evade your +2 trident of venom)
Okay, then.
Unknown command.
Reach: a) +2 trident (venom)
Press: ? - help, Dir - move target, f/p - meliai
Aim: a meliai shaped shifter (haloed, about 28% to evade your +2 trident of venom)
You hit the meliai but do no damage.
The meliai is poisoned.
The meliai barely misses you.
The meliai stings you but does no damage.
Reach: a) +2 trident (venom)
Press: ? - help, Dir - move target, f/p - meliai
Aim: a meliai shaped shifter (poisoned, haloed, about 28% to evade your +2 trident of venom)
You barely miss the meliai. The meliai closely misses you.
The meliai stings you but does no damage.
The meliai barely misses you.
The meliai stings you but does no damage.
Reach: a) +2 trident (venom)
Press: ? - help, Dir - move target, f/p - meliai
Aim: a meliai shaped shifter (lightly wounded, poisoned, haloed, about 28% to evade your +2 trident of venom)
You barely miss the meliai.
The meliai is lightly wounded.
The meliai closely misses you.
The meliai stings you but does no damage.
Reach: a) +2 trident (venom)
Press: ? - help, Dir - move target, f/p - meliai
Aim: a meliai shaped shifter (lightly wounded, poisoned, haloed, about 28% to evade your +2 trident of venom)
You barely miss the meliai.
The meliai is lightly wounded.
The meliai hits you but does no damage.
The meliai stings you but does no damage.
The meliai hits you but does no damage.
The meliai stings you but does no damage.
Press: ? - help, v - describe, . - travel
Here: a chaos spawn (haloed)
The floor.
Unknown command.
Reach: a) +2 trident (venom)
Press: ? - help, Dir - move target, f/p - meliai
Aim: a meliai shaped shifter (moderately wounded, poisoned, haloed, about 28% to evade your +2 trident of venom)
You hit the meliai.
The meliai looks as sick as possible!
The meliai is moderately wounded.
The meliai hits you but does no damage. The meliai stings you.
* * * LOW HITPOINT WARNING * * *
The meliai hits you but does no damage.
The meliai stings you but does no damage.
Your +2 trident of venom stops dripping with poison.
Your +2 battleaxe of freezing glows with a cold blue light!
b - a +2 battleaxe of freezing (weapon)
The meliai barely misses you.
The meliai stings you but does no damage.
Cleave: b) +2 battleaxe (freeze)
Press: ? - help, Dir - move target, f - chaos spawn, p - meliai
Aim: a chaos spawn (haloed, about 24% to evade your +2 battleaxe of freezing)
You slice the chaos spawn!! You freeze the chaos spawn.
The chaos spawn is almost dead.
You slash the meliai! You freeze the meliai.
You kill the meliai!
The Shining One accepts your kill.
You feel better. The chaos spawn barely misses you.
Cleave: b) +2 battleaxe (freeze)
Press: ? - help, Dir - move target, f/p - chaos spawn
Aim: a chaos spawn (almost dead, haloed, about 24% to evade your +2 battleaxe of freezing)
You slash the chaos spawn! You freeze the chaos spawn.
You kill the chaos spawn!
The Shining One accepts your kill.
You feel better.
The chaos spawn degenerates into a cloud of primal chaos!
You see here a shapeshifter corpse.
You see here a yak corpse.
Things that are here:
a yak corpse; a black mamba corpse A small abomination comes into view.
The small abomination moves out of view.
The small abomination hits you but does no damage.
Your +2 battleaxe of freezing stops glowing.
Your +6 flail of holy wrath softly glows with a divine radiance!
w - a +6 flail of holy wrath (weapon)
Hit: w) +6 flail (holy)
Press: ? - help, Dir - move target, f - small abomination
Aim: a small abomination (haloed, about 15% to evade your +6 flail of holy wrath)
You sock the small abomination!
The small abomination convulses.
The small abomination is severely damaged.
The small abomination hits you!
* * * LOW HITPOINT WARNING * * *
A river rat scurries out from under your cloak.
The small abomination hits you!
* * * LOW HITPOINT WARNING * * *
Hit: w) +6 flail (holy)
Press: ? - help, Dir - move target, f/p - small abomination
Aim: a small abomination (severely damaged, ally target, haloed, about 15% to evade your +6 flail of holy wrath)
You hit the small abomination but do no damage.
The small abomination is severely damaged.
The small abomination hits you but does no damage.
Hit: w) +6 flail (holy)
Press: ? - help, Dir - move target, f/p - small abomination
Aim: a small abomination (severely damaged, ally target, haloed, about 15% to evade your +6 flail of holy wrath)
You sock the small abomination!
You destroy the small abomination!
The Shining One accepts your kill.
Found 16 gold pieces.
Found 12 gold pieces.
You now have 832 gold pieces (gained 12).
You now have 848 gold pieces (gained 16).
The chaos spawn trumpets!
Found a blade talisman.
Found 3 scrolls of fog.
Hit: w) +6 flail (holy)
Press: ? - help, Dir - move target, f - chaos spawn
Aim: a chaos spawn (haloed, about 20% to evade your +6 flail of holy wrath)
You sock the chaos spawn!
The chaos spawn convulses.
The chaos spawn is severely wounded.
The chaos spawn pecks you.
* * * LOW HITPOINT WARNING * * *
The chaos spawn shocks you. You resist.
* * * LOW HITPOINT WARNING * * *
Hit: w) +6 flail (holy)
Press: ? - help, Dir - move target, f/p - chaos spawn
Aim: a chaos spawn (severely wounded, haloed, about 20% to evade your +6 flail of holy wrath)
You sock the chaos spawn!
You kill the chaos spawn!
The Shining One accepts your kill.
The chaos spawn degenerates into a cloud of primal chaos!
Found a spriggan skeleton.
A basilisk comes into view.
Throw: 29 stones
Press: ? - help, Q - select action, (/) - cycle Shift-Dir - straight line, f - basilisk
Aim: a basilisk (wandering, hasn't noticed you, 58% to hit)
You throw a stone. The basilisk hisses angrily.
The stone hits the basilisk but does no damage.
Throw: 28 stones
Press: ? - help, Q - select action, (/) - cycle Shift-Dir - straight line, f/p - basilisk
Aim: a basilisk (haloed, 74% to hit)
You throw a stone. The stone hits the basilisk.
The basilisk is lightly wounded.
The basilisk gazes at you.
You are unaffected.
The basilisk hisses menacingly.
Your +6 flail of holy wrath stops glowing.
Your +2 battleaxe of freezing glows with a cold blue light!
b - a +2 battleaxe of freezing (weapon)
Cleave: b) +2 battleaxe (freeze)
Press: ? - help, Dir - move target, f/p - basilisk
Aim: a basilisk (lightly wounded, haloed, about 24% to evade your +2 battleaxe of freezing)
You slash the basilisk! You freeze the basilisk.
The basilisk is moderately wounded.
The basilisk bites you.
* * * LOW HITPOINT WARNING * * *
Cleave: b) +2 battleaxe (freeze)
Press: ? - help, Dir - move target, f/p - basilisk
Aim: a basilisk (moderately wounded, haloed, about 24% to evade your +2 battleaxe of freezing)
You slash the basilisk!
The basilisk seems to slow down.
You freeze the basilisk.
The basilisk is severely wounded.
Cleave: b) +2 battleaxe (freeze)
Press: ? - help, Dir - move target, f/p - basilisk
Aim: a basilisk (severely wounded, slow, haloed, about 24% to evade your +2 battleaxe of freezing)
You slash the basilisk! You freeze the basilisk.
You kill the basilisk!
l - 5 scrolls of fog (gained 3)
A small abomination comes into view.
You see here a spriggan skeleton.
A small abomination comes into view.
A large abomination comes into view.
Your +2 battleaxe of freezing stops glowing.
Your +6 flail of holy wrath softly glows with a divine radiance!
w - a +6 flail of holy wrath (weapon)
You see here a spriggan skeleton.
Throw: 23 javelins
Press: ? - help, Shift-Dir - straight line
Okay, then.
Throw: 27 stones
Press: ? - help, Q - select action, (/) - cycle Shift-Dir - straight line, f - small abomination
Aim: a small abomination (haloed, 87% to hit)
You throw a stone.
The stone hits the small abomination but does no damage.
Hit: w) +6 flail (holy)
Press: ? - help, Dir - move target, f/p - small abomination
Aim: a small abomination (haloed, about 10% to evade your +6 flail of holy wrath)
Okay, then.
Hit: w) +6 flail (holy)
Press: ? - help, Dir - move target, f/p - small abomination
Aim: a small abomination (haloed, about 10% to evade your +6 flail of holy wrath)
You bludgeon the small abomination!!
The small abomination convulses!!
You destroy the small abomination!
The Shining One accepts your kill.
You feel better.
Throw: 26 stones
Press: ? - help, Q - select action, (/) - cycle Shift-Dir - straight line, f - small abomination
Aim: a small abomination (haloed, 84% to hit)
You throw a stone.
The stone barely misses the small abomination.
Throw: 25 stones
Press: ? - help, Q - select action, (/) - cycle Shift-Dir - straight line, f/p - small abomination
Aim: a small abomination (haloed, 84% to hit)
You throw a stone. The stone hits the small abomination.
The small abomination is lightly damaged.
Hit: w) +6 flail (holy)
Press: ? - help, Dir - move target, f/p - small abomination
Aim: a small abomination (lightly damaged, haloed, about 13% to evade your +6 flail of holy wrath)
You sock the small abomination!
The small abomination convulses.
The small abomination is heavily damaged.
The small abomination misses you.
Hit: w) +6 flail (holy)
Press: ? - help, Dir - move target, f/p - small abomination
Aim: a small abomination (heavily damaged, haloed, about 13% to evade your +6 flail of holy wrath)
You thump the small abomination!
The small abomination convulses!
You destroy the small abomination!
The Shining One accepts your kill.
You feel better.
Hit: w) +6 flail (holy)
Press: ? - help, Dir - move target, f - large abomination
Aim: a large abomination (haloed, about 8% to evade your +6 flail of holy wrath)
You hit the large abomination.
The large abomination convulses.
The large abomination is lightly damaged.
The large abomination hits you but does no damage.
Hit: w) +6 flail (holy)
Press: ? - help, Dir - move target, f/p - large abomination
Aim: a large abomination (lightly damaged, haloed, about 8% to evade your +6 flail of holy wrath)
Okay, then.
Unknown command.
Hit: w) +6 flail (holy)
Press: ? - help, Dir - move target, f/p - large abomination
Aim: a large abomination (lightly damaged, haloed, about 8% to evade your +6 flail of holy wrath)
You sock the large abomination!
The large abomination convulses!
The large abomination is heavily damaged.
The large abomination hits you.
Hit: w) +6 flail (holy)
Press: ? - help, Dir - move target, f/p - large abomination
Aim: a large abomination (heavily damaged, haloed, about 8% to evade your +6 flail of holy wrath)
You hit the large abomination but do no damage.
The large abomination is heavily damaged.
The large abomination hits you!!
* * * LOW HITPOINT WARNING * * *
A river rat scurries out from under your cloak.
Hit: w) +6 flail (holy)
Press: ? - help, Dir - move target, f/p - large abomination
Aim: a large abomination (heavily damaged, ally target, haloed, about 8% to evade your +6 flail of holy wrath)
You hit the large abomination.
The large abomination convulses.
The large abomination is severely damaged.
The large abomination hits you!
* * * LOW HITPOINT WARNING * * *
Press: ? - help, v - describe, . - travel
Here: a large abomination (severely damaged, ally target, haloed)
The floor.
Unknown command.
Unknown command.
Press: ? - help, v - describe, . - travel
Here: a large abomination (severely damaged, ally target, haloed)
The floor.
Aiming: Paralyse
Press: ? - help, Shift-Dir - straight line, f/p - large abomination
Aim: a large abomination (severely damaged, ally target, haloed, chance to affect: 3%)
Okay, then.
Okay, then.
Press: ? - help, v - describe, . - travel
Here: a large abomination (severely damaged, ally target, haloed)
The floor.
Unknown command.
Okay, then.
The large abomination attacks as it pursues you!
The large abomination hits you!
* * * LOW HITPOINT WARNING * * *
Your river rat barely misses the large abomination.
The large abomination barely misses your river rat.
You see here a blade talisman.
Your river rat barely misses the large abomination.
Activating: Cleansing Flame (16% risk of failure)
Press: ? - help, Dir - look around, f - activate
Okay, then.
Okay, then.
Press: ? - help, v - describe, . - travel
Here: a river rat (friendly, haloed)
The floor.
Press: ? - help, v - describe, . - travel
Here: a river rat (friendly, haloed)
The floor.
Unknown command.
Okay, then.
Unknown command.
Press: ? - help, v - describe, . - travel
Here: a large abomination (severely damaged, ally target, haloed)
The floor.
Unknown command.
Activating: Cleansing Flame (16% risk of failure)
Press: ? - help, Dir - look around, f - activate You fail to use your ability.
Your river rat closely misses the large abomination.
Okay, then.
Press: ? - help, v - describe, . - travel The floor.
This square is lit by a halo.
Okay, then.
Okay, then.
Activating: Cleansing Flame (16% risk of failure)
Press: ? - help, Dir - look around, f - activate The golden flame engulfs you but does no damage.
The golden flame engulfs the large abomination!
The large abomination writhes in agony!
The large abomination is severely damaged.
The golden flame engulfs your river rat.
Your river rat completely resists.
You hear a bellow! x3; You hear a roar! x2; You hear a horrible gurgling sound!
You hear a roar!
You hear a horrible gurgling sound! x2; You hear a roar!
Your river rat bites the large abomination but does no damage.
The large abomination barely misses your river rat.
Press: ? - help, . - travel You can't see that place.
Unknown command.
Press: ? - help, v - describe, . - travel
Here: a large abomination (severely damaged, not watching you, ally target, haloed)
The floor.
Unknown command.
Aiming: Bolt of Light
Press: ? - help, Shift-Dir - straight line, f - large abomination
Aim: a large abomination (severely damaged, not watching you, ally target, haloed, 88% to hit)
Okay, then.
Okay, then.
Okay, then.
Press: ? - help, v - describe, . - travel The floor.
This square is lit by a halo.
Unknown command.
Press: ? - help, v - describe, . - travel
Here: a large abomination (severely damaged, not watching you, ally target, haloed)
The floor.
Unknown command.
Press: ? - help, v - describe, . - travel
Here: a large abomination (severely damaged, not watching you, ally target, haloed)
The floor.
Activating: Cleansing Flame (16% risk of failure)
Press: ? - help, Dir - look around, f - activate The golden flame engulfs you but does no damage.
You resist.
The golden flame engulfs the large abomination!!!
The large abomination writhes in agony!
You destroy the large abomination!
The Shining One accepts your kill.
You feel better.
The golden flame engulfs your river rat.
Your river rat completely resists.
A salamander comes into view.
Press: ? - help, v - describe, . - travel, g - get item
Here: a salamander Item here: a spriggan skeleton.
The floor.
Throw: 22 darts (poison)
Press: ? - help, Shift-Dir - straight line, f - salamander
Aim: a salamander (74% to hit)
Okay, then.
Unknown command.
Unknown command.
What are your orders? t - Shout!
Orders for allies: a - Attack new target. r - Retreat! s - Stop attacking. g - Guard the area. f - Follow me.
Anything else - Cancel.
Retreat in which direction?
Press: ? - help, Dir - move target Fall back!
What are your orders? t - Shout!
Orders for allies: a - Attack new target. r - Retreat! s - Stop attacking. g - Guard the area. f - Follow me.
Anything else - Cancel.
Gang up on whom?
Press: ? - help, Dir - move target, f - salamander
Aim: a salamander Attack!
Throw: 22 darts (poison)
Press: ? - help, Shift-Dir - straight line, f/p - salamander
Aim: a salamander (ally target, haloed, 90% to hit)
Okay, then.
Your river rat bites the salamander.
Throw: 22 darts (poison)
Press: ? - help, Shift-Dir - straight line, f/p - salamander
Aim: a salamander (lightly wounded, ally target, haloed, 90% to hit)
You throw a poisoned dart. The poisoned dart hits the salamander!
The salamander is poisoned.
The salamander is lightly wounded.
Your river rat bites the salamander.
The salamander closely misses your river rat.
Throw: 21 darts (poison)
Press: ? - help, Shift-Dir - straight line, f/p - salamander
Aim: a salamander (lightly wounded, very poisoned, ally target, haloed, 90% to hit)
You throw a poisoned dart. The poisoned dart hits the salamander.
The salamander looks even sicker.
The salamander is lightly wounded.
Your river rat returns to the shadows of the Dungeon!
Throw: 20 darts (poison)
Press: ? - help, Shift-Dir - straight line, f/p - salamander
Aim: a salamander (lightly wounded, very poisoned, haloed, 90% to hit)
You throw a poisoned dart. The poisoned dart hits the salamander.
The salamander looks as sick as possible!
The salamander is lightly wounded.
Press: ? - help, v - describe, . - travel
Here: a salamander (moderately wounded, extremely poisoned, haloed)
The floor.
Unknown command.
Press: ? - help, v - describe, . - travel
Here: a salamander (moderately wounded, very poisoned, haloed)
The floor.
Your +6 flail of holy wrath stops glowing.
Your +2 trident of venom begins to drip with poison!
a - a +2 trident of venom (weapon)
Throw: 19 darts (poison)
Press: ? - help, Shift-Dir - straight line, f/p - salamander
Aim: a salamander (moderately wounded, very poisoned, haloed, 90% to hit)
You throw a poisoned dart. The poisoned dart hits the salamander.
The salamander looks as sick as possible!
The salamander is moderately wounded.
Reach: a) +2 trident (venom)
Press: ? - help, Dir - move target, f/p - salamander
Aim: a salamander (moderately wounded, extremely poisoned, haloed, about 9% to evade your +2 trident of venom)
Okay, then.
You see here a blink frog skeleton.
The salamander changes into a sun moth!
Press: ? - help, v - describe, . - travel
Here: a sun moth shaped shifter (heavily wounded, haloed)
The floor.
Press: ? - help, v - describe, . - travel
Here: a sun moth shaped shifter (heavily wounded, haloed)
The floor.
Unknown command.
Throw: 18 darts (poison)
Press: ? - help, Shift-Dir - straight line, f/p - sun moth
Aim: a sun moth shaped shifter (heavily wounded, haloed, 74% to hit)
You throw a poisoned dart.
The poisoned dart completely misses the sun moth.
The sun moth swoops through the air toward you!
The sun moth bites you!
* * * LOW HITPOINT WARNING * * *
A river rat scurries out from under your cloak.
Press: ? - help, v - describe, . - travel
Here: a sun moth shaped shifter (heavily wounded, ally target, haloed)
The floor.
Press: ? - help, v - describe, . - travel
Here: a sun moth shaped shifter (heavily wounded, ally target, haloed)
The floor.
Aiming: Mindburst
Press: ? - help, Shift-Dir - straight line, f/p - sun moth
Aim: a sun moth shaped shifter (heavily wounded, ally target, haloed, chance to affect: 39%)
Okay, then.
Aiming: Paralyse
Press: ? - help, Shift-Dir - straight line, f/p - sun moth
Aim: a sun moth shaped shifter (heavily wounded, ally target, haloed, chance to affect: 21%)
Okay, then.
Press: ? - help, v - describe, . - travel
Here: a sun moth shaped shifter (heavily wounded, ally target, haloed)
The floor.
Okay, then.
Okay, then.
Press: ? - help, v - describe, . - travel
Here: a sun moth shaped shifter (heavily wounded, ally target, haloed)
The floor.
Reach: a) +2 trident (venom)
Press: ? - help, Dir - move target, f/p - sun moth
Aim: a sun moth shaped shifter (heavily wounded, ally target, haloed, about 23% to evade your +2 trident of venom)
You barely miss the sun moth.
The sun moth is heavily wounded.
The sun moth closely misses you.
Reach: a) +2 trident (venom)
Press: ? - help, Dir - move target, f/p - sun moth
Aim: a sun moth shaped shifter (heavily wounded, ally target, haloed, about 23% to evade your +2 trident of venom)
You barely miss the sun moth.
The sun moth is heavily wounded.
Your river rat barely misses the sun moth.
The sun moth's wings beat fiercely.
The flurry of pyrophoric scales hits you.
You are covered in intense liquid fire!
You shake off some of the fire as you move.
The liquid fire burns you!
* * * LOW HITPOINT WARNING * * *
Your river rat bites the sun moth but does no damage.
The sun moth attacks as it pursues you! The sun moth bites you!
You die...

♣♣†.♣ ♣♣♣...♣♣♣...♣♣♣♣.♣
♣.†♣♣♣.....♣ ♣♣...♣♣♣♣♣
♣÷.♣.....♣♣♣ ♣♣.....♣♣
♣.......♣♣ ♣♣......♣♣♣
♣♣..♣♣♣♣♣ ♣♣♣..(♣♣....♣
♣...♣♣♣♣♣♣♣♣...♣♣♣♣♣....
♣♣...♣♣..(.÷..♣♣ ♣♣♣..
♣♣..r.....÷..♣.♣ ♣♣.
♣♣..y@........♣ ♣♣
♣♣..♣♣♣♣.♣♣♣.♣ ♣ ♣♣♣♣
♣♣♣ ♣♣


You could see a sun moth shaped shifter (ally target) and a friendly river rat.

Vanquished Creatures
  2 catoblepae
  2 hydras (Lair:4)
  A two-headed ogre (D:9)
  3 death yaks
  A skyshark (Lair:4)
  A large abomination (Lair:5)
  3 ugly things
  17 elephants
  A meliai (shapeshifter) (Lair:5)
  2 black mambas
  2 torpor snails (Lair:5)
  A rime drake (Lair:5)
  15 cane toads
  2 komodo dragons
  2 polar bears
  2 trolls
  A raiju (Lair:5)
  16 blink frogs
  8 dream sheep
  Sigmund (D:5)
  A shadow (D:11)
  3 wyverns
  61 yaks
  Grum (D:9)
  13 basilisks
  A steam dragon (D:8)
  10 small abominations (Lair:5)
  2 chaos spawn (Lair:5)
  Edmund (D:6)
  11 water moccasins
  13 orc warriors (Bailey)
  A sky beast (D:6)
  A black bear (D:7)
  11 wolves
  19 centaurs
  4 kobold brigands
  4 bullfrogs
  A gnoll sergeant (D:10)
  A scorpion (D:4)
  9 wights
  A burial acolyte (D:5)
  3 killer bees (D:8)
  2 electric eels (Lair:4)
  3 howler monkeys
  2 bombardier beetles
  8 jellies
  15 hounds
  5 orc priests
  A gnoll bouda (D:8)
  8 orc wizards
  5 hell rats (Lair:4)
  20 gnolls
  7 adders
  2 shadow imps (D:6)
  2 ufetubi (D:5)
  An adder zombie (D:5)
  2 ribbon worms (D:5)
  35 orcs
  7 endoplasms
  2 giant cockroaches (D:5)
  5 goblins
  3 hobgoblins
  5 jackals
  7 quokkas
  5 ball pythons
  2 frilled lizards (D:3)
  3 jackal zombies (D:5)
  12 kobolds
  5 rats
429 creatures vanquished.

Vanquished Creatures (collateral kills)
  An elephant (Lair:5)
  A cane toad (Lair:5)
  2 yaks
  An orc warrior (Bailey)
  A bombardier beetle (D:4)
  2 hounds (D:6)
  An iguana (D:5)
  An adder (D:5)
  A white imp (D:5)
  An orc (D:4)
  A giant cockroach (D:4)
  A hobgoblin (D:4)
  A jackal (D:10)
  4 kobolds (D:9)
  A quokka (D:4)
20 creatures vanquished.

Grand Total: 449 creatures vanquished

Notes
Turn   | Place    | Note
-------+----------+-------------------------------------------
     0 | D:1      | jagoly the Gargoyle Monk began the quest for the Orb.
     0 | D:1      | Reached XP level 1. HP: 14/14 MP: 1/1
   220 | D:1      | Reached XP level 2. HP: 13/19 MP: 2/2
   237 | D:2      | Reached skill level 3 in Axes
   237 | D:2      | Reached skill level 1 in Stealth
   253 | D:2      | Reached XP level 3. HP: 9/23 MP: 3/3
   370 | D:3      | Found the +2 ratskin cloak {*Rats rPois rN+ Str-1 Int-1
                  | Dex+1}
   398 | D:3      | Found a sparkling altar of Nemelex Xobeh.
   429 | D:3      | Reached XP level 4. HP: 24/29 MP: 4/4
   603 | D:4      | Found Pitan's General Store.
   627 | D:4      | Reached skill level 4 in Axes
   627 | D:4      | Reached skill level 1 in Armour
   627 | D:4      | Reached XP level 5. HP: 10/33 MP: 5/5
   631 | D:4      | Bought a potion of curing for 30 gold pieces
   648 | D:4      | Found Aleum's Antique Weapon Shoppe.
   766 | D:4      | Found Wegaups's Assorted Antiques.
   800 | D:4      | Reached XP level 6. HP: 36/39 MP: 6/6
   861 | D:5      | Entered Level 5 of the Dungeon
   885 | D:5      | Noticed Sigmund
   905 | D:5      | Killed Sigmund
   906 | D:5      | Reached skill level 5 in Fighting
   906 | D:5      | Reached skill level 5 in Axes
   906 | D:5      | Reached XP level 7. HP: 43/44 MP: 7/7
   917 | D:5      | Found an ancient bone altar of Kikubaaqudgha.
  1049 | D:6      | Found a glowing golden altar of the Shining One.
  1049 | D:6      | Found a white marble altar of Elyvilon.
  1049 | D:6      | Found a glowing silver altar of Zin.
  1055 | D:6      | Became a worshipper of the Shining One
  1055 | D:6      | Reached * piety under the Shining One
  1055 | D:6      | Reached ** piety under the Shining One
  1249 | D:5      | Reached skill level 6 in Axes
  1343 | D:5      | Reached XP level 8. HP: 35/51 MP: 8/8
  1348 | D:5      | Found a glowing drain.
  1377 | Sewer    | Entered a sewer
  1448 | Sewer    | Found a glowing silver altar of Zin.
  1641 | D:6      | Noticed Edmund
  1678 | D:6      | Killed Edmund
  1919 | D:7      | Noticed a wyvern
  1932 | D:7      | Killed a wyvern
  1963 | D:7      | Found a staircase to the Ecumenical Temple.
  1987 | D:7      | Reached skill level 7 in Axes
  1991 | D:7      | Reached skill level 5 in Armour
  2140 | D:7      | Reached XP level 9. HP: 57/57 MP: 9/9
  2214 | D:9      | Noticed a cyan ugly thing
  2223 | D:9      | Killed a cyan ugly thing
  2224 | D:9      | Reached skill level 8 in Axes
  2346 | D:7      | Found a sacrificial altar of Ru.
  2390 | D:8      | Found an ornate altar of the Wu Jian Council.
  2439 | D:9      | Reached *** piety under the Shining One
  2445 | D:9      | Reached skill level 1 in Invocations
  2516 | D:9      | Reached skill level 1 in Evocations
  2517 | D:9      | Found a bloodstained altar of Trog.
  2517 | D:9      | Noticed Vixxxy's ghost (novice OpHu)
  2534 | D:9      | Found a transporter.
  2585 | D:9      | Noticed a two-headed ogre
  2593 | D:9      | Noticed Grum
  2609 | D:9      | Killed Grum
  2704 | D:9      | Found a flagged portal.
  2709 | D:9      | Reached XP level 10. HP: 58/64 MP: 11/11
  2723 | Bailey   | Entered a bailey
  2826 | Bailey   | Reached skill level 9 in Axes
  2914 | Bailey   | Reached skill level 1 in Throwing
  3758 | D:10     | Entered Level 10 of the Dungeon
  3798 | D:10     | Found Gous's Book Shop.
  3849 | D:9      | Found a staircase to the Lair.
  3849 | D:9      | Noticed an elephant
  3879 | D:9      | Reached skill level 10 in Axes
  3904 | D:9      | Noticed a moth of wrath
  3907 | D:9      | Found a transporter.
  3926 | D:9      | Noticed a tengu warrior
  3939 | D:9      | Reached **** piety under the Shining One
  4002 | D:10     | Found a staircase to the Orcish Mines.
  4080 | D:10     | Reached XP level 11. HP: 57/71 MP: 12/12
  4247 | D:10     | Reached skill level 10 in Fighting
  4272 | D:9      | Noticed a two-headed ogre
  4306 | D:9      | Reached skill level 11 in Axes
  4429 | D:9      | Noticed a purple ugly thing
  4469 | D:9      | Killed a two-headed ogre
  4513 | D:9      | Killed a purple ugly thing
  4662 | D:9      | Identified the +1 hat of Surprise {Dex+5}
  5098 | D:10     | Reached skill level 5 in Dodging
  5146 | D:11     | Reached XP level 12. HP: 79/79 MP: 13/13
  5278 | D:11     | Reached skill level 12 in Axes
  5339 | D:12     | Noticed a death knight
  5339 | D:12     | Reached ***** piety under the Shining One
  5629 | Lair:1   | Entered Level 1 of the Lair of Beasts
  5829 | Lair:2   | Found a staircase to the Snake Pit.
  5861 | Lair:2   | Found a staircase to the Shoals.
  5922 | Lair:2   | Noticed a seven-headed hydra
  6224 | Lair:2   | Reached skill level 10 in Armour
  6251 | Lair:2   | Reached skill level 13 in Axes
  6601 | Lair:4   | Noticed a catoblepas
  6610 | Lair:4   | Reached XP level 13. HP: 46/86 MP: 15/15
  7015 | Lair:3   | Reached skill level 5 in Invocations
  7079 | Lair:4   | Found an ancient bone altar of Kikubaaqudgha.
  7225 | Lair:5   | Entered Level 5 of the Lair of Beasts
  7270 | Lair:5   | Reached skill level 14 in Axes
  7742 | Lair:4   | Gained mutation: Your large and strong wings let you fly.
                  | [Gargoyle growth]
  7742 | Lair:4   | Reached XP level 14. HP: 23/92 MP: 19/19
  7892 | Lair:5   | Found a staircase to the Slime Pits.
  7900 | Lair:5   | Found a viscous altar of Jiyva.
  8373 | Lair:5   | HP: 1/94 [large abomination (13)]
  8423 | Lair:5   | Mangled by a sun moth (shapeshifter)

Illustrated notes

Levels and vault maps discovered:
D:1:      psy_arrival_terrarium, layout_loops_corners,
          minmay_misc_feat_ornament, minmay_rat_gold_closets
D:2:      layout_loops_ring, grunt_ministairs_4
D:3:      minmay_general_purpose_star, layout_rooms, overflow_temple_1_default,
          minmay_misc_feat_chi
D:4:      layout_layer_cave, chequers_temple_overflow_minitemple, serial_shops,
          shop, nicolae_shop_just_a_little_nook, shop, uniq_robin
D:5:      layout_loops_ring, lemuel_zombie_altar_kikubaaqudgha,
          gup_sewer_entry_pipe, nicolae_concentric_dashed_squares_wild,
          uniq_sigmund
D:6:      layout_basic, dreamdust_divine_triumvirate, uniq_edmund
D:7:      layout_basic, nicolae_ru_sacrificial_ziggurat, temple_statues
D:8:      layout_rooms, mainiacjoe_overflow_paths, trog_book
D:9:      layout_irregular_city, david_lair_generic,
          gammafunk_ghost_wrathful_warriors, enter_bailey_7, grunt_potential,
          uniq_grum
D:10:     layout_cross, orc_0_dummy, serial_gnoll_camp, gnoll_camp_mini_shop,
          gnoll_camp_mini_hut, gnoll_camp_mini_loothouse,
          gnoll_camp_mini_doghouse, gnoll_camp_mini_doghouse,
          grunt_ministairs_13
D:11:     layout_gridville
D:12:     layout_basic, ebering_dispersal_statue_hall
Lair:1:   layout_loops_ring
Lair:2:   layout_chaotic_city, minmay_shoals_entry_centaurs, dummy_snake_entry,
          gammafunk_ghost_ooze, minmay_holes, st_stairs_5
Lair:3:   layout_regular_city, beast_lair_carwin_5, infiniplex_staircase_pool_2
Lair:4:   layout_gridlike, basic_altar, kennysheep_basilisk_garden,
          serial_bayou_shore_b, grunt_megastairs_1
Lair:5:   hellmonk_lair_end_abyssal_woods, layout_gridlike,
          nicolae_slime_entry_slimehenge, nzn_masters_of_martial_movement,
          grunt_megastairs_5, lemuel_fruit_fields, uniq_urug

Skill      XL: |  1  2  3  4  5  6  7  8  9 10 11 12 13 14 |
---------------+-------------------------------------------+-----
Axes           | 3 4 5 6 7 8 10 11 13 14 | 14.8
Stealth        | 1 2 |  2.0
Fighting       | 4 5 7 8 9 10 12 13 | 13.1
Armour         | 1 2 3 5 6 7 9 10 11 | 11.4
Dodging        | 3 4 5 6 |  6.0
Invocations    | 2 3 6 8 |  8.0
Evocations     | 1 2 |  2.0
Throwing       | 2 3 4 |  4.0

Action                     |  1- 3 |  4- 6 |  7- 9 | 10-12 | 13-15 || total
---------------------------+-------+-------+-------+-------+-------++-------
  Melee: Hand axe          |    78 |    74 |   152 |       |       ||   304
         Trident           |       |       |   124 |   716 |   113 ||   953
         Flail             |       |       |    16 |    16 |    74 ||   106
         Battleaxe         |       |       |       |    48 |   247 ||   295
   Fire: Sling             |       |     1 |       |       |       ||     1
  Throw: Dart              |       |     1 |    13 |    35 |    30 ||    79
         Stone             |       |       |     4 |    32 |    59 ||    95
         Javelin           |       |       |       |       |    24 ||    24
         Throwing net      |       |       |       |       |     1 ||     1
         Boomerang         |       |       |       |       |     1 ||     1
 Invoke: Divine Shield     |       |       |       |     2 |     4 ||     6
         Summon Divine War |       |       |       |       |     1 ||     1
         Cleansing Flame   |       |       |       |       |     2 ||     2
  Evoke: Wand              |       |     1 |     3 |     5 |    20 ||    29
         Phial of floods   |       |       |       |     1 |     1 ||     2
    Use: Potion            |       |       |       |     3 |     1 ||     4
         Scroll            |       |       |       |     9 |     1 ||    10
   Stab: Invisible         |       |     1 |       |       |       ||     1
 Armour: Robe              |    47 |    25 |       |       |       ||    72
         Ring mail         |       |    23 |   112 |       |       ||   135
         Chain mail        |       |       |   138 |   749 |   358 ||  1245
  Dodge: Dodged            |    39 |    58 |   157 |   400 |   181 ||   835
  Block: Other             |       |       |       |     6 |    19 ||    25
